Toronto Maple Leafs vs Calgary Flames
(R1)
Created - Thursday, May 11, 2023 at 07:49
Goals
|
| Toronto Maple Leafs |
2 |
2 |
0 |
4 |
| Calgary Flames |
0 |
1 |
0 |
1 |
|
Shots
|
| Toronto Maple Leafs |
9 |
12 |
11 |
32 |
| Calgary Flames |
10 |
14 |
6 |
30 |
|
1st period
1. Toronto Maple Leafs , Adam Henrique 19 (Kyle Okposo 15, Andrew Mangiapane 16) at 12:15
2. Toronto Maple Leafs , Kyle Okposo 12 (Adam Henrique 19, Dougie Hamilton 15) at 16:49
Penalties :
Drew Doughty (CGY) for Interference (Minor) at 0:17, Logan Couture (CGY) for Roughing (Minor) at 0:25, Trevor Zegras (TOR) for Hooking (Minor) at 5:04, Scott Laughton (TOR) for Interference (Minor) at 19:41
2nd period
3. Calgary Flames , Garnet Hathaway 5 (Jeff Petry 11, Drew Doughty 15) at 12:28
4. Toronto Maple Leafs , Dougie Hamilton 11 (Adam Henrique 20, Andrew Mangiapane 17) at 19:24 (PP)
5. Toronto Maple Leafs , Josh Bailey 6 (Brady Tkachuk 32, Sam Bennett 33) at 19:38
Penalties :
Garnet Hathaway (CGY) for Hooking (Minor) at 19:13
3rd period
No Goal
Penalties :
Drew Doughty (CGY) for Cross-checking (Minor) at 2:37, Drew Doughty (CGY) for Hooking (Minor) at 14:36
Goalie Stats
Cam Talbot (TOR), 29 saves from 30 shots - (0.967), W, 21-8-5, 60:00 minutes
Thatcher Demko (CGY), 28 saves from 32 shots - (0.875), L, 19-16-3, 60:00 minutes
Players Stats for Toronto Maple Leafs
Player Name G A P +/- PIM S H SB GA TA FO MP PP MP PK MP
------------------------------------------------------------------------------------
Adam Henrique 1 2 3 2 0 4 0 1 0 0 8/17 18:10 2:52 1:23
Andrew Mangiapane 0 2 2 2 0 6 3 0 1 0 0/0 19:35 2:52 2:35
Brady Tkachuk 0 1 1 1 0 3 3 0 0 0 1/3 20:12 3:20 0:00
Cody Ceci 0 0 0 1 0 0 0 2 0 1 0/0 21:25 2:39 2:33
Craig Smith 0 0 0 0 0 0 2 0 0 0 0/0 8:32 0:04 0:00
Dougie Hamilton 1 1 2 2 0 2 2 2 0 0 0/0 23:30 3:37 0:00
Jonas Siegenthaler 0 0 0 -1 0 0 1 0 0 1 0/0 15:05 0:00 1:25
Josh Bailey 1 0 1 1 0 3 0 0 0 0 1/1 17:10 0:04 0:00
Kyle Okposo 1 1 2 2 0 2 3 0 1 0 1/7 16:15 0:04 1:43
Luke Schenn 0 0 0 -1 0 0 0 1 0 0 0/0 12:14 0:00 0:00
Mario Ferraro 0 0 0 2 0 0 1 1 0 1 0/0 24:39 2:39 2:33
Nicolas Roy 0 0 0 0 0 2 1 0 0 0 1/5 8:52 0:00 0:39
Pierre Engvall 0 0 0 0 0 1 0 0 0 0 0/0 8:52 0:00 0:39
Ryan Pulock 0 0 0 1 0 1 1 0 0 0 0/0 23:07 3:37 1:25
Sam Bennett 0 1 1 1 0 2 0 1 2 0 13/27 20:12 3:20 0:00
Scott Laughton 0 0 0 -1 2 0 1 0 0 0 2/5 11:27 0:00 0:57
Trevor Zegras 0 0 0 -1 2 3 0 0 1 1 0/0 13:14 2:52 0:00
Troy Terry 0 0 0 -1 0 3 0 0 0 0 0/0 13:29 3:20 0:00
Players Stats for Calgary Flames
Player Name G A P +/- PIM S H SB GA TA FO MP PP MP PK MP
------------------------------------------------------------------------------------
Drew Doughty 0 1 1 -3 6 1 2 0 1 0 0/0 21:41 2:04 0:11
Garnet Hathaway 1 0 1 1 2 3 0 1 0 0 0/0 8:29 0:00 0:00
J.T. Miller 0 0 0 -2 0 2 2 1 0 0 8/19 17:33 2:04 0:11
Jeff Petry 0 1 1 -3 0 1 2 3 0 0 0/0 24:51 2:04 3:20
Joel Eriksson Ek 0 0 0 0 0 4 0 0 0 0 3/4 13:29 1:54 0:00
Kris Russell 0 0 0 1 0 1 1 1 0 1 0/0 18:16 0:00 2:57
Logan Couture 0 0 0 0 2 4 1 0 0 0 5/11 16:43 2:04 2:54
Mathieu Joseph 0 0 0 0 0 0 0 0 0 0 0/0 12:04 0:00 0:54
Max Pacioretty 0 0 0 -2 0 0 1 0 2 0 0/0 15:03 0:00 0:00
Nic Dowd 0 0 0 1 0 0 1 0 0 0 6/6 9:47 0:00 1:17
Oskar Lindblom 0 0 0 1 0 1 1 1 0 0 0/1 8:30 0:00 0:00
Ryan Ellis 0 0 0 0 0 1 0 1 0 0 0/0 16:18 1:54 0:00
Ryan McDonagh 0 0 0 1 0 2 1 1 0 2 0/0 19:04 0:00 3:08
Sebastian Aho 0 0 0 -1 0 1 1 0 0 0 14/20 16:36 0:00 2:14
Timo Meier 0 0 0 -2 0 5 1 0 0 1 0/1 17:03 1:54 0:00
Travis Sanheim 0 0 0 0 0 0 0 1 0 1 0/0 19:50 1:54 2:56
Valeri Nichushkin 0 0 0 -1 0 1 1 0 0 0 0/1 16:31 2:04 0:07
Zach Hyman 0 0 0 -1 0 3 0 0 1 0 2/2 20:00 1:54 3:03
3 Stars
1 - Adam Henrique (TOR)
2 - Kyle Okposo (TOR)
3 - Dougie Hamilton (TOR)
Power Play
Toronto Maple Leafs - 1 on 5 Attempt(s) - 20.00%
Calgary Flames - 0 on 2 Attempt(s) - 0.00%
Penalty Kill
Toronto Maple Leafs - 2 on 2 Attempt(s) - 100.00%
- Score 0 goal in Penalty Kill
Calgary Flames - 4 on 5 Attempt(s) - 80.00%
- Score 0 goal in Penalty Kill
Team Stat
Toronto Maple Leafs - Hits : 18 - Faceoff Wins : 27 - Blocked Shots : 8 - Penalty Minutes : 4
Calgary Flames - Hits : 15 - Faceoff Wins : 38 - Blocked Shots : 10 - Penalty Minutes : 10
Official
Referees : Ghislain Hebert and Tim Peel
Linesman : Jonny Murray and Brad Kovachik
Game Notes
No Game Note
Finance
Level 1 -- Attendance: 4355 (72.58%) -- Ticket Income $435,500
Level 2 -- Attendance: 3785 (75.70%) -- Ticket Income $227,100
Level 3 -- Attendance: 2308 (76.93%) -- Ticket Income $80,780
Level 4 -- Attendance: 3628 (72.56%) -- Ticket Income $90,700
Luxury Box -- Attendance: 729 (72.90%) -- Ticket Income $145,800
Game was played at the Scotiabank Saddledome.
Total Attendance: 14805 (74.03%)
Total Ticket Income: $979,880
Other Income: $342,958
Total Income: $1,322,838
Toronto Maple Leafs
5 vs 5 Forward
Center Left Wing Right Wing Time % Phy DF OF
1 Sam Bennett Brady Tkachuk Josh Bailey 40 1 2 2
2 Adam Henrique Andrew Mangiapane Kyle Okposo 30 1 2 2
3 Scott Laughton Trevor Zegras Troy Terry 20 1 2 2
4 Nicolas Roy Pierre Engvall Craig Smith 10 1 2 2
5 vs 5 Defense
Defense Defense Time % Phy DF OF
1 Dougie Hamilton Mario Ferraro 40 1 2 2
2 Ryan Pulock Cody Ceci 30 1 2 2
3 Luke Schenn Jonas Siegenthaler 20 1 2 2
4 Ryan Pulock Cody Ceci 10 1 2 2
PowerPlay Forward
Center Left Wing Right Wing Time % Phy DF OF
1 Sam Bennett Brady Tkachuk Troy Terry 60 1 2 2
2 Adam Henrique Trevor Zegras Andrew Mangiapane 40 1 2 2
PowerPlay Defense
Defense Defense Time % Phy DF OF
1 Dougie Hamilton Ryan Pulock 60 1 2 2
2 Cody Ceci Mario Ferraro 40 1 2 2
Penalty Kill 4 Players Forward
Center Wing Time % Phy DF OF
1 Scott Laughton Andrew Mangiapane 60 1 2 2
2 Nicolas Roy Pierre Engvall 40 1 2 2
Penalty Kill 4 Players Defense
Defense Defense Time % Phy DF OF
1 Mario Ferraro Cody Ceci 60 1 2 2
2 Ryan Pulock Jonas Siegenthaler 40 1 2 2
Penalty Kill - 3 Players Forward
Forward Time % Phy DF OF
1 Scott Laughton 60 1 2 2
2 Nicolas Roy 40 1 2 2
Penalty Kill - 3 Players Defense
Defense Defense Time % Phy DF OF
1 Mario Ferraro Cody Ceci 60 1 2 2
2 Jonas Siegenthaler Ryan Pulock 40 1 2 2
4 vs 4 Forward
Center Wing Time % Phy DF OF
1 Adam Henrique Andrew Mangiapane 60 1 2 2
2 Sam Bennett Brady Tkachuk 40 1 2 2
4 vs 4 Defense
Defense Defense Time % Phy DF OF
1 Ryan Pulock Cody Ceci 60 1 2 2
2 Dougie Hamilton Mario Ferraro 40 1 2 2
Last Minutes Offensive
Center Left Wing Right Wing Defense Defense
Sam Bennett Brady Tkachuk Troy Terry Dougie Hamilton Ryan Pulock
Last Minutes Defensive
Center Left Wing Right Wing Defense Defense
Scott Laughton Andrew Mangiapane Kyle Okposo Mario Ferraro Cody Ceci
Goaltenders
Starting : Cam Talbot
Backup : James Reimer
Extra Forwards
Normal : Nicolas Roy, Craig Smith, Pierre Engvall - PP : Kyle Okposo, Josh Bailey - PK : Kyle Okposo
Extra Defensemen
Normal : Jonas Siegenthaler, Luke Schenn, Cody Ceci - PP : Jonas Siegenthaler - PK : Luke Schenn, Dougie Hamilton
Penalty Shots
Trevor Zegras, Dougie Hamilton, Nicolas Roy, Kyle Okposo, Josh Bailey
Calgary Flames
5 vs 5 Forward
Center Left Wing Right Wing Time % Phy DF OF
1 J.T. Miller Max Pacioretty Timo Meier 34 0 0 5
2 Sebastian Aho Zach Hyman Valeri Nichushkin 33 0 0 5
3 Logan Couture Mathieu Joseph Joel Eriksson Ek 25 0 2 3
4 Nic Dowd Oskar Lindblom Garnet Hathaway 8 1 3 1
5 vs 5 Defense
Defense Defense Time % Phy DF OF
1 Drew Doughty Jeff Petry 30 0 3 2
2 Travis Sanheim Ryan Ellis 30 0 3 2
3 Ryan McDonagh Kris Russell 30 0 3 2
4 Drew Doughty Jeff Petry 10 0 3 2
PowerPlay Forward
Center Left Wing Right Wing Time % Phy DF OF
1 J.T. Miller Logan Couture Valeri Nichushkin 50 0 0 5
2 Joel Eriksson Ek Timo Meier Zach Hyman 50 0 0 5
PowerPlay Defense
Defense Defense Time % Phy DF OF
1 Drew Doughty Jeff Petry 50 0 2 3
2 Travis Sanheim Ryan Ellis 50 0 2 3
Penalty Kill 4 Players Forward
Center Wing Time % Phy DF OF
1 Logan Couture Zach Hyman 60 0 4 1
2 Sebastian Aho Mathieu Joseph 40 0 4 1
Penalty Kill 4 Players Defense
Defense Defense Time % Phy DF OF
1 Drew Doughty Jeff Petry 60 1 2 2
2 Travis Sanheim Ryan McDonagh 40 1 2 2
Penalty Kill - 3 Players Forward
Forward Time % Phy DF OF
1 Nic Dowd 60 0 5 0
2 Logan Couture 40 0 5 0
Penalty Kill - 3 Players Defense
Defense Defense Time % Phy DF OF
1 Drew Doughty Jeff Petry 60 1 2 2
2 Travis Sanheim Ryan McDonagh 40 1 2 2
4 vs 4 Forward
Center Wing Time % Phy DF OF
1 Joel Eriksson Ek Max Pacioretty 60 1 2 2
2 Logan Couture Timo Meier 40 1 2 2
4 vs 4 Defense
Defense Defense Time % Phy DF OF
1 Drew Doughty Jeff Petry 60 1 2 2
2 Travis Sanheim Ryan Ellis 40 1 2 2
Last Minutes Offensive
Center Left Wing Right Wing Defense Defense
J.T. Miller Sebastian Aho Zach Hyman Drew Doughty Jeff Petry
Last Minutes Defensive
Center Left Wing Right Wing Defense Defense
J.T. Miller Sebastian Aho Logan Couture Drew Doughty Ryan McDonagh
Goaltenders
Starting : Thatcher Demko
Backup : Sam Montembeault
Extra Forwards
Normal : Max Pacioretty, Mathieu Joseph, Timo Meier - PP : Max Pacioretty, Mathieu Joseph - PK : Nic Dowd
Extra Defensemen
Normal : Ryan McDonagh, Kris Russell, Travis Sanheim - PP : Ryan McDonagh - PK : Kris Russell, Travis Sanheim
Penalty Shots
J.T. Miller, Sebastian Aho, Valeri Nichushkin, Max Pacioretty, Joel Eriksson Ek
% Time on Ice - Toronto Maple Leafs
Lines # - Real PCT - Wanted PCT - Time Play
Normal Forward
1 - 35% - 40% - 17:40
2 - 28% - 30% - 13:45
3 - 20% - 20% - 10:08
4 - 17% - 10% - 8:13
Normal Defense
1 - 40% - 40% - 19:53
2 - 29% - 30% - 14:32
3 - 25% - 20% - 12:14
4 - 6% - 10% - 3:07
PP Forward
1 - 54% - 60% - 3:24
2 - 46% - 40% - 2:52
PP Defense
1 - 58% - 60% - 3:37
2 - 42% - 40% - 2:39
PK Forward
1 - 84% - 60% - 3:19
2 - 16% - 40% - 0:39
PK Defense
1 - 64% - 60% - 2:33
2 - 36% - 40% - 1:25
PK3 Forward
1 - 0% - 60%
2 - 0% - 40%
PK3 Defense
1 - 0% - 60%
2 - 0% - 40%
44 Forward
1 - 0% - 60%
2 - 0% - 40%
44 Defense
1 - 0% - 60%
2 - 0% - 40%
Last Minute Offensive - 0:00
Last Minute Defensive - 0:00
Total
Forward - 60:00
Defense - 60:00
|
% Time on Ice - Calgary Flames
Lines # - Real PCT - Wanted PCT - Time Play
Normal Forward
1 - 31% - 34% - 15:19
2 - 30% - 33% - 14:49
3 - 22% - 25% - 11:08
4 - 17% - 8% - 8:30
Normal Defense
1 - 32% - 30% - 16:05
2 - 30% - 30% - 15:00
3 - 31% - 30% - 15:19
4 - 7% - 10% - 3:22
PP Forward
1 - 52% - 50% - 2:04
2 - 48% - 50% - 1:54
PP Defense
1 - 52% - 50% - 2:04
2 - 48% - 50% - 1:54
PK Forward
1 - 80% - 60% - 3:31
2 - 20% - 40% - 0:54
PK Defense
1 - 51% - 60% - 2:16
2 - 49% - 40% - 2:09
PK3 Forward
1 - 50% - 60% - 0:56
2 - 50% - 40% - 0:55
PK3 Defense
1 - 58% - 60% - 1:04
2 - 42% - 40% - 0:47
44 Forward
1 - 0% - 60%
2 - 0% - 40%
44 Defense
1 - 0% - 60%
2 - 0% - 40%
Last Minute Offensive - 0:00
Last Minute Defensive - 0:00
Total
Forward - 60:00
Defense - 60:00
|
Play-by-Play
1st period
0:01 of 1st period - Sam Bennett wins face-off versus J.T. Miller in neutral zone.
0:17 of 1st period - Minor Penalty to Drew Doughty for Interference.
0:18 of 1st period - Sam Bennett wins face-off versus Logan Couture in Calgary Flames zone.
0:25 of 1st period - Minor Penalty to Logan Couture for Roughing.
0:26 of 1st period - Nic Dowd wins face-off versus Adam Henrique in Calgary Flames zone.
0:52 of 1st period - Mario Ferraro is hit by Kris Russell and loses puck.
2:17 of 1st period - Penalty to Drew Doughty is over, Drew Doughty is back on ice.
2:23 of 1st period - Backhand shot by Zach Hyman.
2:23 of 1st period - Stopped by Cam Talbot with a rebound.
2:25 of 1st period - Penalty to Logan Couture is over, Logan Couture is back on ice.
2:46 of 1st period - Slapshot by Nicolas Roy.
2:46 of 1st period - Stopped by Thatcher Demko with a rebound.
3:03 of 1st period - Icing by Jeff Petry.
3:04 of 1st period - Nic Dowd wins face-off versus Brady Tkachuk in Calgary Flames zone.
3:43 of 1st period - Backhand shot by Trevor Zegras.
3:43 of 1st period - Stopped by Thatcher Demko without a rebound.
3:44 of 1st period - Scott Laughton wins face-off versus J.T. Miller in Calgary Flames zone.
3:51 of 1st period - Slapshot by Troy Terry.
3:51 of 1st period - Stopped by Thatcher Demko without a rebound.
3:52 of 1st period - J.T. Miller wins face-off versus Adam Henrique in Calgary Flames zone.
3:56 of 1st period - Off-side.
3:57 of 1st period - Zach Hyman wins face-off versus Adam Henrique in neutral zone.
5:04 of 1st period - Minor Penalty to Trevor Zegras for Hooking.
5:05 of 1st period - Scott Laughton wins face-off versus Valeri Nichushkin in Toronto Maple Leafs zone.
5:05 of 1st period - Scott Laughton is hit by Jeff Petry.
5:52 of 1st period - J.T. Miller is hit by Scott Laughton and loses puck.
6:43 of 1st period - J.T. Miller is hit by Nicolas Roy and loses puck.
7:04 of 1st period - Penalty to Trevor Zegras is over, Trevor Zegras is back on ice.
7:06 of 1st period - Ryan Pulock is hit by Timo Meier and loses puck.
7:21 of 1st period - Slapshot by Brady Tkachuk.
7:21 of 1st period - Shot Blocked by Travis Sanheim.
7:54 of 1st period - Snap shot by Trevor Zegras.
7:54 of 1st period - Shot Blocked by Oskar Lindblom.
7:56 of 1st period - Snap shot by Troy Terry.
7:56 of 1st period - Shot Misses the Net.
7:58 of 1st period - Slapshot by Trevor Zegras.
7:58 of 1st period - Stopped by Thatcher Demko without a rebound.
7:59 of 1st period - Nic Dowd wins face-off versus Scott Laughton in Calgary Flames zone.
7:59 of 1st period - Nic Dowd is hit by Dougie Hamilton.
8:05 of 1st period - Slapshot by Drew Doughty.
8:05 of 1st period - Shot Blocked by Dougie Hamilton.
8:07 of 1st period - Slapshot by Oskar Lindblom.
8:07 of 1st period - Shot Misses the Net.
8:43 of 1st period - Zach Hyman is hit by Andrew Mangiapane.
9:38 of 1st period - Wrist shot by Joel Eriksson Ek.
9:38 of 1st period - Stopped by Cam Talbot with a rebound.
10:12 of 1st period - Icing by Valeri Nichushkin.
10:13 of 1st period - Sebastian Aho wins face-off versus Nicolas Roy in Calgary Flames zone.
10:27 of 1st period - Ryan McDonagh is hit by Mario Ferraro.
10:41 of 1st period - Snap shot by Brady Tkachuk.
10:41 of 1st period - Stopped by Thatcher Demko with a rebound.
12:09 of 1st period - Snap shot by Joel Eriksson Ek.
12:09 of 1st period - Stopped by Cam Talbot without a rebound.
12:10 of 1st period - Adam Henrique wins face-off versus Sebastian Aho in Toronto Maple Leafs zone.
12:15 of 1st period - Wrist shot by Adam Henrique.
12:15 of 1st period - Goal by Adam Henrique - Toronto Maple Leafs : 1 - Calgary Flames : 0.
12:16 of 1st period - Sebastian Aho wins face-off versus Sam Bennett in neutral zone.
12:23 of 1st period - Wrist shot by Valeri Nichushkin.
12:23 of 1st period - Shot Blocked by Sam Bennett.
12:41 of 1st period - Dougie Hamilton is hit by Max Pacioretty and loses puck.
12:50 of 1st period - Dougie Hamilton is hit by J.T. Miller and loses puck.
13:52 of 1st period - Wrist shot by Timo Meier.
13:52 of 1st period - Stopped by Cam Talbot without a rebound.
13:53 of 1st period - Sam Bennett wins face-off versus J.T. Miller in Toronto Maple Leafs zone.
15:21 of 1st period - Troy Terry is hit by Ryan McDonagh and loses puck.
16:02 of 1st period - Sebastian Aho is hit by Ryan Pulock and loses puck.
16:17 of 1st period - Mathieu Joseph is hit by Brady Tkachuk and loses puck.
16:35 of 1st period - Off-side.
16:36 of 1st period - Adam Henrique wins face-off versus J.T. Miller in neutral zone.
16:41 of 1st period - Snap shot by Adam Henrique.
16:41 of 1st period - Shot Misses the Net.
16:49 of 1st period - Snap shot by Kyle Okposo.
16:49 of 1st period - Goal by Kyle Okposo - Toronto Maple Leafs : 2 - Calgary Flames : 0.
16:50 of 1st period - Sebastian Aho wins face-off versus Sam Bennett in neutral zone.
17:01 of 1st period - Slapshot by Sam Bennett.
17:01 of 1st period - Stopped by Thatcher Demko without a rebound.
17:02 of 1st period - Zach Hyman wins face-off versus Brady Tkachuk in Calgary Flames zone.
17:11 of 1st period - Snap shot by Zach Hyman.
17:11 of 1st period - Stopped by Cam Talbot with a rebound.
17:13 of 1st period - Snap shot by Drew Doughty.
17:13 of 1st period - Stopped by Cam Talbot without a rebound.
17:14 of 1st period - Sam Bennett wins face-off versus Sebastian Aho in Toronto Maple Leafs zone.
17:41 of 1st period - Jeff Petry is hit by Andrew Mangiapane and loses puck.
17:54 of 1st period - Wrist shot by Kyle Okposo.
17:54 of 1st period - Shot Misses the Net.
18:27 of 1st period - Slapshot by Nicolas Roy.
18:27 of 1st period - Stopped by Thatcher Demko without a rebound.
18:28 of 1st period - Nicolas Roy wins face-off versus Oskar Lindblom in Calgary Flames zone.
18:35 of 1st period - Slapshot by Craig Smith.
18:35 of 1st period - Shot Misses the Net.
18:37 of 1st period - Wrist shot by Mario Ferraro.
18:37 of 1st period - Deflect By Nicolas Roy.
18:37 of 1st period - Shot Blocked by Ryan Ellis.
18:37 of 1st period - Puck is out of play.
18:38 of 1st period - Sebastian Aho wins face-off versus Sam Bennett in Calgary Flames zone.
18:38 of 1st period - Sebastian Aho is hit by Dougie Hamilton.
18:47 of 1st period - Off-side.
18:48 of 1st period - Sebastian Aho wins face-off versus Sam Bennett in neutral zone.
19:12 of 1st period - Snap shot by Zach Hyman.
19:12 of 1st period - Stopped by Cam Talbot without a rebound.
19:13 of 1st period - Adam Henrique wins face-off versus J.T. Miller in Toronto Maple Leafs zone.
19:41 of 1st period - Minor Penalty to Scott Laughton for Interference.
19:42 of 1st period - J.T. Miller wins face-off versus Kyle Okposo in Toronto Maple Leafs zone.
19:42 of 1st period - Snap shot by Logan Couture.
19:42 of 1st period - Stopped by Cam Talbot without a rebound.
19:43 of 1st period - J.T. Miller wins face-off versus Kyle Okposo in Toronto Maple Leafs zone.
19:46 of 1st period - Snap shot by Valeri Nichushkin.
19:46 of 1st period - Stopped by Cam Talbot without a rebound.
19:47 of 1st period - J.T. Miller wins face-off versus Kyle Okposo in Toronto Maple Leafs zone.
19:50 of 1st period - Slapshot by Logan Couture.
19:50 of 1st period - Shot Misses the Net.
19:52 of 1st period - Snap shot by Logan Couture.
19:52 of 1st period - Shot Misses the Net.
19:54 of 1st period - Slapshot by Jeff Petry.
19:54 of 1st period - Shot Blocked by Cody Ceci.
19:56 of 1st period - Snap shot by Jeff Petry.
19:56 of 1st period - Stopped by Cam Talbot with a rebound.
19:58 of 1st period - Snap shot by Logan Couture.
19:58 of 1st period - Shot Blocked by Mario Ferraro.
Goals for this period are 2 for Toronto Maple Leafs vs 0 for Calgary Flames.
Shots for this period are 9 for Toronto Maple Leafs vs 10 for Calgary Flames.
2nd period
0:01 of 2nd period - Joel Eriksson Ek wins face-off versus Kyle Okposo in neutral zone.
0:30 of 2nd period - Snap shot by J.T. Miller.
0:30 of 2nd period - Stopped by Cam Talbot without a rebound.
0:31 of 2nd period - J.T. Miller wins face-off versus Adam Henrique in Toronto Maple Leafs zone.
0:32 of 2nd period - Snap shot by Logan Couture.
0:32 of 2nd period - Stopped by Cam Talbot without a rebound.
0:33 of 2nd period - Adam Henrique wins face-off versus J.T. Miller in Toronto Maple Leafs zone.
1:07 of 2nd period - Off-side.
1:08 of 2nd period - Kyle Okposo wins face-off versus Joel Eriksson Ek in neutral zone.
1:35 of 2nd period - Snap shot by Logan Couture.
1:35 of 2nd period - Shot Blocked by Adam Henrique.
1:37 of 2nd period - Slapshot by J.T. Miller.
1:37 of 2nd period - Shot Misses the Net.
1:39 of 2nd period - Wrist shot by Logan Couture.
1:39 of 2nd period - Deflect By Valeri Nichushkin.
1:39 of 2nd period - Shot Blocked by Cody Ceci.
1:39 of 2nd period - Puck is out of play.
1:40 of 2nd period - Joel Eriksson Ek wins face-off versus Kyle Okposo in Toronto Maple Leafs zone.
1:41 of 2nd period - Penalty to Scott Laughton is over, Scott Laughton is back on ice.
1:53 of 2nd period - Wrist shot by Kyle Okposo.
1:53 of 2nd period - Shot Misses the Net.
2:38 of 2nd period - Off-side.
2:39 of 2nd period - Sam Bennett wins face-off versus Sebastian Aho in neutral zone.
3:06 of 2nd period - Ryan McDonagh is hit by Kyle Okposo and loses puck.
3:13 of 2nd period - Slapshot by Joel Eriksson Ek.
3:13 of 2nd period - Stopped by Cam Talbot without a rebound.
3:14 of 2nd period - Adam Henrique wins face-off versus J.T. Miller in Toronto Maple Leafs zone.
3:38 of 2nd period - Cody Ceci is hit by J.T. Miller and loses puck.
3:55 of 2nd period - Snap shot by Andrew Mangiapane.
3:55 of 2nd period - Stopped by Thatcher Demko with a rebound.
4:02 of 2nd period - Icing by Ryan Ellis.
4:03 of 2nd period - J.T. Miller wins face-off versus Sam Bennett in Calgary Flames zone.
4:42 of 2nd period - Slapshot by J.T. Miller.
4:42 of 2nd period - Stopped by Cam Talbot without a rebound.
4:43 of 2nd period - Sebastian Aho wins face-off versus Sam Bennett in Toronto Maple Leafs zone.
5:16 of 2nd period - Wrist shot by Andrew Mangiapane.
5:16 of 2nd period - Stopped by Thatcher Demko without a rebound.
5:17 of 2nd period - Logan Couture wins face-off versus Adam Henrique in Calgary Flames zone.
5:41 of 2nd period - Icing by Dougie Hamilton.
5:42 of 2nd period - Sebastian Aho wins face-off versus Adam Henrique in Toronto Maple Leafs zone.
6:10 of 2nd period - Wrist shot by Andrew Mangiapane.
6:10 of 2nd period - Stopped by Thatcher Demko without a rebound.
6:11 of 2nd period - Sam Bennett wins face-off versus Logan Couture in Calgary Flames zone.
6:41 of 2nd period - Off-side.
6:42 of 2nd period - Sebastian Aho wins face-off versus Scott Laughton in neutral zone.
6:45 of 2nd period - Wrist shot by Zach Hyman.
6:45 of 2nd period - Shot Blocked by Dougie Hamilton.
6:47 of 2nd period - Slapshot by Kris Russell.
6:47 of 2nd period - Stopped by Cam Talbot without a rebound.
6:48 of 2nd period - Sebastian Aho wins face-off versus Sam Bennett in Toronto Maple Leafs zone.
7:24 of 2nd period - Wrist shot by Andrew Mangiapane.
7:24 of 2nd period - Shot Blocked by J.T. Miller.
7:38 of 2nd period - Slapshot by Trevor Zegras.
7:38 of 2nd period - Shot Misses the Net.
8:04 of 2nd period - Oskar Lindblom is hit by Craig Smith and loses puck.
8:25 of 2nd period - Snap shot by Sebastian Aho.
8:25 of 2nd period - Stopped by Cam Talbot with a rebound.
8:45 of 2nd period - Snap shot by Andrew Mangiapane.
8:45 of 2nd period - Stopped by Thatcher Demko without a rebound.
8:46 of 2nd period - Adam Henrique wins face-off versus J.T. Miller in Calgary Flames zone.
8:59 of 2nd period - Kyle Okposo is hit by Drew Doughty and loses puck.
9:12 of 2nd period - Valeri Nichushkin is hit by Brady Tkachuk and loses puck.
9:38 of 2nd period - Troy Terry is hit by Logan Couture and loses puck.
9:50 of 2nd period - Icing by Ryan Pulock.
9:51 of 2nd period - Nic Dowd wins face-off versus Nicolas Roy in Toronto Maple Leafs zone.
9:52 of 2nd period - Wrist shot by Garnet Hathaway.
9:52 of 2nd period - Shot Misses the Net.
9:54 of 2nd period - Wrist shot by Garnet Hathaway.
9:54 of 2nd period - Stopped by Cam Talbot without a rebound.
9:55 of 2nd period - Nic Dowd wins face-off versus Nicolas Roy in Toronto Maple Leafs zone.
10:06 of 2nd period - Garnet Hathaway is hit by Craig Smith and loses puck.
10:11 of 2nd period - Snap shot by Craig Smith.
10:11 of 2nd period - Shot Blocked by Ryan McDonagh.
10:48 of 2nd period - Snap shot by Brady Tkachuk.
10:48 of 2nd period - Shot Misses the Net.
10:50 of 2nd period - Wrist shot by Brady Tkachuk.
10:50 of 2nd period - Shot Misses the Net.
12:28 of 2nd period - Wrist shot by Garnet Hathaway.
12:28 of 2nd period - Goal by Garnet Hathaway - Toronto Maple Leafs : 2 - Calgary Flames : 1.
12:29 of 2nd period - Josh Bailey wins face-off versus J.T. Miller in neutral zone.
13:18 of 2nd period - Ryan Pulock is hit by Drew Doughty and loses puck.
14:07 of 2nd period - Slapshot by Kyle Okposo.
14:07 of 2nd period - Stopped by Thatcher Demko with a rebound.
14:13 of 2nd period - Wrist shot by Andrew Mangiapane.
14:13 of 2nd period - Stopped by Thatcher Demko with a rebound.
14:53 of 2nd period - Wrist shot by Trevor Zegras.
14:53 of 2nd period - Stopped by Thatcher Demko with a rebound.
15:08 of 2nd period - Off-side.
15:09 of 2nd period - Logan Couture wins face-off versus Nicolas Roy in neutral zone.
16:50 of 2nd period - Snap shot by Pierre Engvall.
16:50 of 2nd period - Stopped by Thatcher Demko with a rebound.
17:00 of 2nd period - Wrist shot by Logan Couture.
17:00 of 2nd period - Stopped by Cam Talbot with a rebound.
17:02 of 2nd period - Wrist shot by Timo Meier.
17:02 of 2nd period - Stopped by Cam Talbot with a rebound.
17:04 of 2nd period - Wrist shot by Timo Meier.
17:04 of 2nd period - Stopped by Cam Talbot with a rebound.
17:06 of 2nd period - Slapshot by Ryan Ellis.
17:06 of 2nd period - Stopped by Cam Talbot with a rebound.
17:50 of 2nd period - Slapshot by Nic Dowd.
17:50 of 2nd period - Shot Misses the Net.
17:52 of 2nd period - Slapshot by Kris Russell.
17:52 of 2nd period - Deflect By Garnet Hathaway.
17:52 of 2nd period - Stopped by Cam Talbot with a rebound.
17:54 of 2nd period - Slapshot by Kris Russell.
17:54 of 2nd period - Shot Blocked by Luke Schenn.
17:56 of 2nd period - Wrist shot by Oskar Lindblom.
17:56 of 2nd period - Shot Misses the Net.
17:58 of 2nd period - Wrist shot by Oskar Lindblom.
17:58 of 2nd period - Stopped by Cam Talbot without a rebound.
17:59 of 2nd period - J.T. Miller wins face-off versus Sam Bennett in Toronto Maple Leafs zone.
19:13 of 2nd period - Minor Penalty to Garnet Hathaway for Hooking.
19:14 of 2nd period - Adam Henrique wins face-off versus Logan Couture in Calgary Flames zone.
19:18 of 2nd period - Snap shot by Andrew Mangiapane.
19:18 of 2nd period - Stopped by Thatcher Demko with a rebound.
19:20 of 2nd period - Wrist shot by Andrew Mangiapane.
19:20 of 2nd period - Shot Misses the Net.
19:22 of 2nd period - Slapshot by Adam Henrique.
19:22 of 2nd period - Stopped by Thatcher Demko with a rebound.
19:24 of 2nd period - Slapshot by Dougie Hamilton.
19:24 of 2nd period - Goal by Dougie Hamilton - Toronto Maple Leafs : 3 - Calgary Flames : 1.
19:25 of 2nd period - Sam Bennett wins face-off versus J.T. Miller in neutral zone.
19:38 of 2nd period - Slapshot by Josh Bailey.
19:38 of 2nd period - Goal by Josh Bailey - Toronto Maple Leafs : 4 - Calgary Flames : 1.
19:39 of 2nd period - Sebastian Aho wins face-off versus Sam Bennett in neutral zone.
Goals for this period are 2 for Toronto Maple Leafs vs 1 for Calgary Flames.
Shots for this period are 12 for Toronto Maple Leafs vs 14 for Calgary Flames.
3rd period
0:01 of 3rd period - Sam Bennett wins face-off versus J.T. Miller in neutral zone.
0:12 of 3rd period - Slapshot by Brady Tkachuk.
0:12 of 3rd period - Shot Blocked by Jeff Petry.
0:16 of 3rd period - Wrist shot by Sam Bennett.
0:16 of 3rd period - Stopped by Thatcher Demko with a rebound.
1:05 of 3rd period - Icing by Mario Ferraro.
1:06 of 3rd period - Nic Dowd wins face-off versus Scott Laughton in Toronto Maple Leafs zone.
1:39 of 3rd period - Snap shot by Sebastian Aho.
1:39 of 3rd period - Shot Misses the Net.
2:01 of 3rd period - Wrist shot by Adam Henrique.
2:01 of 3rd period - Stopped by Thatcher Demko without a rebound.
2:02 of 3rd period - J.T. Miller wins face-off versus Adam Henrique in Calgary Flames zone.
2:31 of 3rd period - Snap shot by Josh Bailey.
2:31 of 3rd period - Shot Misses the Net.
2:33 of 3rd period - Wrist shot by Josh Bailey.
2:33 of 3rd period - Stopped by Thatcher Demko without a rebound.
2:34 of 3rd period - Sam Bennett wins face-off versus Sebastian Aho in Calgary Flames zone.
2:35 of 3rd period - Slapshot by Brady Tkachuk.
2:35 of 3rd period - Deflect By Josh Bailey.
2:35 of 3rd period - Stopped by Thatcher Demko with a rebound.
2:37 of 3rd period - Minor Penalty to Drew Doughty for Cross-checking.
2:38 of 3rd period - Sam Bennett wins face-off versus Logan Couture in Calgary Flames zone.
3:24 of 3rd period - Off-side.
3:25 of 3rd period - Sebastian Aho wins face-off versus Sam Bennett in neutral zone.
3:30 of 3rd period - Wrist shot by Ryan McDonagh.
3:30 of 3rd period - Stopped by Cam Talbot with a rebound.
4:37 of 3rd period - Penalty to Drew Doughty is over, Drew Doughty is back on ice.
5:10 of 3rd period - Pierre Engvall is hit by Oskar Lindblom and loses puck.
5:19 of 3rd period - Slapshot by Ryan Pulock.
5:19 of 3rd period - Stopped by Thatcher Demko without a rebound.
5:20 of 3rd period - Joel Eriksson Ek wins face-off versus Adam Henrique in Calgary Flames zone.
5:31 of 3rd period - Snap shot by Logan Couture.
5:31 of 3rd period - Stopped by Cam Talbot without a rebound.
5:32 of 3rd period - Sebastian Aho wins face-off versus Sam Bennett in Toronto Maple Leafs zone.
5:59 of 3rd period - Kyle Okposo is hit by Jeff Petry.
7:39 of 3rd period - Wrist shot by Andrew Mangiapane.
7:39 of 3rd period - Shot Misses the Net.
8:17 of 3rd period - Zach Hyman is hit by Brady Tkachuk.
8:23 of 3rd period - Wrist shot by Josh Bailey.
8:23 of 3rd period - Deflect By Sam Bennett.
8:23 of 3rd period - Shot Blocked by Jeff Petry.
8:23 of 3rd period - Puck is out of play.
8:24 of 3rd period - Sam Bennett wins face-off versus Timo Meier in Calgary Flames zone.
9:13 of 3rd period - Ryan Pulock is hit by Nic Dowd and loses puck.
9:38 of 3rd period - Slapshot by Sam Bennett.
9:38 of 3rd period - Shot Misses the Net.
9:40 of 3rd period - Slapshot by Jonas Siegenthaler.
9:40 of 3rd period - Shot Blocked by Garnet Hathaway.
9:42 of 3rd period - Slapshot by Sam Bennett.
9:42 of 3rd period - Shot Misses the Net.
9:44 of 3rd period - Slapshot by Jonas Siegenthaler.
9:44 of 3rd period - Deflect By Brady Tkachuk.
9:44 of 3rd period - Stopped by Thatcher Demko without a rebound.
9:45 of 3rd period - Sebastian Aho wins face-off versus Kyle Okposo in Calgary Flames zone.
9:45 of 3rd period - Sebastian Aho is hit by Jonas Siegenthaler.
11:56 of 3rd period - Oskar Lindblom is hit by Kyle Okposo and loses puck.
12:10 of 3rd period - Brady Tkachuk is hit by Valeri Nichushkin and loses puck.
12:53 of 3rd period - Off-side.
12:54 of 3rd period - Logan Couture wins face-off versus Sam Bennett in neutral zone.
13:20 of 3rd period - Kris Russell is hit by Kyle Okposo and loses puck.
13:50 of 3rd period - Snap shot by Timo Meier.
13:50 of 3rd period - Deflect By Trevor Zegras.
13:50 of 3rd period - Stopped by Cam Talbot with a rebound.
13:52 of 3rd period - Snap shot by Ryan McDonagh.
13:52 of 3rd period - Stopped by Cam Talbot without a rebound.
13:53 of 3rd period - Sam Bennett wins face-off versus Sebastian Aho in Toronto Maple Leafs zone.
14:04 of 3rd period - Backhand shot by Josh Bailey.
14:04 of 3rd period - Shot Blocked by Jeff Petry.
14:36 of 3rd period - Minor Penalty to Drew Doughty for Hooking.
14:37 of 3rd period - Sam Bennett wins face-off versus Logan Couture in Calgary Flames zone.
14:38 of 3rd period - Wrist shot by Troy Terry.
14:38 of 3rd period - Stopped by Thatcher Demko with a rebound.
14:40 of 3rd period - Slapshot by Ryan Pulock.
14:40 of 3rd period - Shot Misses the Net.
14:42 of 3rd period - Snap shot by Troy Terry.
14:42 of 3rd period - Stopped by Thatcher Demko without a rebound.
14:43 of 3rd period - Logan Couture wins face-off versus Sam Bennett in Calgary Flames zone.
15:20 of 3rd period - Snap shot by Adam Henrique.
15:20 of 3rd period - Stopped by Thatcher Demko without a rebound.
15:21 of 3rd period - Adam Henrique wins face-off versus Logan Couture in Calgary Flames zone.
15:46 of 3rd period - Brady Tkachuk is hit by Sebastian Aho and loses puck.
15:53 of 3rd period - Slapshot by Mario Ferraro.
15:53 of 3rd period - Shot Misses the Net.
15:55 of 3rd period - Slapshot by Cody Ceci.
15:55 of 3rd period - Shot Blocked by Kris Russell.
15:57 of 3rd period - Wrist shot by Brady Tkachuk.
15:57 of 3rd period - Stopped by Thatcher Demko without a rebound.
15:58 of 3rd period - Logan Couture wins face-off versus Adam Henrique in Calgary Flames zone.
16:36 of 3rd period - Penalty to Drew Doughty is over, Drew Doughty is back on ice.
16:53 of 3rd period - Backhand shot by Max Pacioretty.
16:53 of 3rd period - Shot Misses the Net.
17:18 of 3rd period - Jeff Petry is hit by Andrew Mangiapane and loses puck.
17:53 of 3rd period - Slapshot by Drew Doughty.
17:53 of 3rd period - Deflect By Joel Eriksson Ek.
17:53 of 3rd period - Stopped by Cam Talbot with a rebound.
19:22 of 3rd period - Snap shot by Pierre Engvall.
19:22 of 3rd period - Shot Misses the Net.
19:28 of 3rd period - Snap shot by Timo Meier.
19:28 of 3rd period - Stopped by Cam Talbot without a rebound.
19:29 of 3rd period - Brady Tkachuk wins face-off versus Sebastian Aho in Toronto Maple Leafs zone.
19:38 of 3rd period - Slapshot by Dougie Hamilton.
19:38 of 3rd period - Stopped by Thatcher Demko without a rebound.
19:39 of 3rd period - Sebastian Aho wins face-off versus Sam Bennett in Calgary Flames zone.
Goals for this period are 0 for Toronto Maple Leafs vs 0 for Calgary Flames.
Shots for this period are 11 for Toronto Maple Leafs vs 6 for Calgary Flames.
Back to the Top